 Dungeon Crawl Stone Soup version 0.30-a0-643-g638baaf3f0 (webtiles) character file.

Game seed: 871637322349530717

40 Fenrisus the Magician (level 3, 0/31 HPs)
             Began as a Gnoll Wanderer on Jan 15, 2023.
             Slain by a jackal (1 damage)
             ... on level 1 of the Dungeon on Jan 16, 2023.
             The game lasted 00:06:56 (1234 turns).

Fenrisus the Magician (Gnoll Wanderer)              Turns: 1234, Time: 00:06:57

Health: 0/31       AC:  2    Str: 11    XL:     3   Next: 50%
Magic:  3/11       EV: 11    Int: 12    God:
Gold:   14         SH:  0    Dex: 12    Spells: 15/16 levels left

rFire   . . .      SeeInvis .    a - +0 short sword
rCold   . . .      Faith    .    (no shield)
rNeg    . . .      Spirit   .    d - +0 robe
rPois   .          Reflect  .    (no helmet)
rElec   .          Harm     .    (no cloak)
rCorr   .          Rampage  .    (no gloves)
Will    .....                    (no boots)
Stlth   +                        (no amulet)
HPRegen 0.25/turn                (no ring)
MPRegen 0.12/turn                (no ring)

@: no status effects
A: fangs 1, strong nose, distributed training
a: no special abilities


You were on level 1 of the Dungeon.
You visited 1 branch of the dungeon, and saw 1 of its levels.

You collected 14 gold pieces.

Inventory:

Hand Weapons
 a - a +0 short sword (weapon)
Armour
 d - a +0 robe (worn)
Scrolls
 b - 2 scrolls of poison
 c - a scroll of fear
 e - a scroll of identify {unknown}
Potions
 f - a potion of curing {unknown}
 g - a potion of degeneration {unknown}


   Skills:
 + Level 4.5 Fighting
 + Level 2.6 Short Blades
 + Level 0.9 Long Blades
 + Level 0.9 Axes
 + Level 0.9 Maces & Flails
 + Level 0.9 Polearms
 + Level 0.9 Staves
 + Level 0.9 Ranged Weapons
 + Level 2.6 Throwing
 + Level 2.6 Armour
 + Level 0.9 Dodging
 + Level 0.9 Stealth
 + Level 0.9 Shields
 + Level 0.9 Unarmed Combat
 + Level 7.1 Spellcasting
 + Level 0.6 Conjurations
 + Level 0.6 Hexes
 + Level 0.6 Summonings
 + Level 0.6 Necromancy
 + Level 0.6 Translocations
 + Level 0.6 Transmutations
 + Level 0.6 Fire Magic
 + Level 0.6 Ice Magic
 + Level 0.6 Air Magic
 + Level 0.6 Earth Magic
 + Level 0.6 Poison Magic
 + Level 1.0 Invocations
 + Level 2.6 Evocations


You had 15 spell levels left.
You knew the following spells:

 Your Spells              Type           Power      Damage    Failure   Level
a - Necrotise             Necr           20%        1d5       12%         1

Your spell library contained the following spells:

 Spells                   Type           Power      Damage    Failure   Level
 Call Canine Familiar     Summ           5%         N/A       36%         3
 Inner Flame              Hex/Fire       5%         N/A       36%         3
 Kindle Blastsparks       Fire/Tloc/Air  10%        2d10      36%         3
 Ozocubu's Armour         Ice            5%         N/A       36%         3
 Portal Projectile        Hex/Tloc       10%        N/A       36%         3
 Leda's Liquefaction      Hex/Erth       2%         N/A       77%         4


Dungeon Overview and Level Annotations

Branches:
Dungeon (1/15)

Altars:


Innate Abilities, Weirdness & Mutations

You have very sharp teeth.
Your uncanny sense of smell can sniff out nearby items.
Your experience applies equally to all skills.


Message History

The jackal is severely wounded.
The jackal closely misses you. x2; The jackal barely misses you.
You hit the jackal.
You kill the jackal!
The jackal misses you.
You hit the jackal but do no damage. Your bite misses the jackal.
The jackal bites you but does no damage.
The jackal barely misses you.
You hit the jackal. You bite the jackal, but do no damage.
The jackal is lightly wounded.
The jackal bites you. The jackal misses you. The jackal closely misses you.
You hit the jackal. You bite the jackal.
You kill the jackal!
The jackal closely misses you.
You hit the jackal but do no damage. You bite the jackal, but do no damage.
The jackal misses you. The jackal bites you. x2
You hit the jackal but do no damage. The jackal bites you.
A kobold comes into view. It is wielding a +0 whip.
The jackal bites you.
* * * LOW HITPOINT WARNING * * *
You closely miss the jackal. The jackal bites you.
* * * LOW HITPOINT WARNING * * *
The jackal bites you.
* * * LOW HITPOINT WARNING * * *
The jackal closely misses you.
You hit the jackal.
The jackal is severely wounded.
The jackal bites you but does no damage.
The jackal completely misses you.
You hit the jackal but do no damage. Your bite misses the jackal.
The jackal is almost dead.
The jackal barely misses you. The jackal closely misses you.
The jackal bites you.
* * * LOW HITPOINT WARNING * * *
You barely miss the jackal.
The jackal is almost dead.
The jackal bites you.
* * * LOW HITPOINT WARNING * * *
The jackal bites you.
You die...

#.....# # ##...†.###
...##.#......... ##
#.....#......# ###.
#...##......)### #(#.
##.#>........)'.. ...
#..#.####.....###
##.#.###............# #
#...hh@#............# #
##.#?#h#..............#
###................#
#.###..............#
...............#.....#
####..#........#######
##..........#
###..........
#...........


You could see 3 jackals.

Vanquished Creatures
  2 dart slugs (D:1)
  3 bats (D:1)
  An endoplasm (D:1)
  2 giant cockroaches (D:1)
  6 goblins (D:1)
  3 hobgoblins (D:1)
  5 jackals (D:1)
  2 quokkas (D:1)
  2 frilled lizards (D:1)
  2 kobolds (D:1)
  2 rats (D:1)
30 creatures vanquished.

Vanquished Creatures (collateral kills)
  A bat (D:1)
1 creature vanquished.

Grand Total: 31 creatures vanquished

Notes
Turn   | Place    | Note
-------+----------+-------------------------------------------
     0 | D:1      | Fenrisus the Gnoll Wanderer began the quest for the Orb.
     0 | D:1      | Fenrisus set off with the following items: a +0 short
                  | sword, a wand of flame (3), a scroll of fear, a +0 robe;
                  | and the following spell memorised: Necrotise; and the
                  | following spells available to memorise: Inner Flame, Kindle
                  | Blastsparks, Ozocubu's Armour.
     0 | D:1      | Reached XP level 1. HP: 20/20 MP: 8/8
   111 | D:1      | Reached XP level 2. HP: 22/26 MP: 5/10
   490 | D:1      | HP: 1/26 [frilled lizard (2)]
   549 | D:1      | Reached XP level 3. HP: 10/31 MP: 1/11
  1205 | D:1      | Reached skill level 1 in Invocations
  1234 | D:1      | HP: 1/31 [jackal (1)]
  1234 | D:1      | Slain by a jackal

Illustrated notes

Levels and vault maps discovered:
D:1:      wander_arrival_chamber, layout_basic, minmay_indecisive_spiral

Skill      XL: |  1  2  3 |
---------------+----------+-----
Invocations    | 1 |  1.0
Fighting       | |  4.5
Short Blades   | |  2.6
Long Blades    | |  0.9
Axes           | |  0.9
Maces & Flails | |  0.9
Polearms       | |  0.9
Staves         | |  0.9
Ranged Weapons | |  0.9
Throwing       | |  2.6
Armour         | |  2.6
Dodging        | |  0.9
Stealth        | |  0.9
Shields        | |  0.9
Unarmed Combat | |  0.9
Spellcasting   | |  7.1
Conjurations   | |  0.6
Hexes          | |  0.6
Summonings     | |  0.6
Necromancy     | |  0.6
Translocations | |  0.6
Transmutations | |  0.6
Fire Magic     | |  0.6
Ice Magic      | |  0.6
Air Magic      | |  0.6
Earth Magic    | |  0.6
Poison Magic   | |  0.6
Evocations     | |  2.6

Action                   || total
-------------------------++-------
Melee: Short sword       ||    84
       Bite              ||     9
       Punch             ||     2
 Cast: Necrotise         ||    44
Evoke: Wand              ||     3
  Use: Scroll            ||     1
Armor: Robe              ||    37
Dodge: Dodged            ||   112

Table legend: (Time is in decaauts)
 A = Elapsed time spent in this place.
 B = Non-inter-level travel time spent in this place.
 C = Inter-level travel time spent in this place.
 D = Time resting spent in this place.
 E = Time spent auto-exploring this place.
 F = Levels seen in this place.
 G = Mean time per level.
                   A        B        C        D        E       F      G
               +--------+--------+--------+--------+--------+-----+--------+
         Total |   1223 |    834 |    389 |    586 |      0 |   1 | 1223.0 |
       Dungeon |   1223 |    834 |    389 |    586 |      0 |   1 | 1223.0 |
               +--------+--------+--------+--------+--------+-----+--------+

Top non-repeatable levels by time:
     D:1: 1223 daAuts
